 Dungeon Crawl Stone Soup version 0.29-a0-40-g8eb35efe60 (webtiles) character file.

Game seed: 7115475729613671305

7 HallandMoats the Skirmisher (level 2, 0/26 HPs)
             Began as a Ghoul Monk on Feb 1, 2022.
             Slain by a ball python (1 damage)
             ... on level 1 of the Dungeon.
             The game lasted 00:00:23 (312 turns).

HallandMoats the Skirmisher (Ghoul Monk)             Turns: 312, Time: 00:00:23

Health: 0/26       AC:  2    Str: 14    XL:     2   Next: 4%
Magic:  1/1        EV:  9    Int:  5    God:
Gold:   12         SH:  0    Dex: 11    Spells: 1/1 levels left

rFire   . . .      SeeInvis .     - Unarmed
rCold   + . .      Faith    .   (no shield)
rNeg    + + +      Spirit   .   a - +0 robe
rPois   ∞          Reflect  .   (no helmet)
rElec   .          Harm     .   (no cloak)
rCorr   .          Rampage  .   (no gloves)
Will    .....                   (no boots)
Stlth   ++........              (no amulet)
HPRegen 0.00/turn               (no ring)
MPRegen 0.07/turn               (no ring)

@: inhibited regen, constricted
A: claws 1, cold resistance 1, negative energy resistance 3, inhibited
regeneration, torment resistance 2
a: no special abilities


You were on level 1 of the Dungeon.
You visited 1 branch of the dungeon, and saw 1 of its levels.

You collected 12 gold pieces.

Inventory:

Armour
 a - a +0 robe (worn)
Scrolls
 c - a scroll of identify {unknown}
Potions
 b - a potion of berserk rage {unknown}


   Skills:
 * Level 3.5 Fighting
 + Level 0.3 Armour
 + Level 2.7 Dodging
 - Level 2.1 Stealth
 * Level 3.4 Unarmed Combat
 + Level 0.3 Invocations


You had one spell level left.
You didn't know any spells.
Your spell library was empty.

Dungeon Overview and Level Annotations

Branches:
Dungeon (1/15)

Altars:


Innate Abilities, Weirdness & Mutations

You thrive by killing the living.
You are immune to poison.
You have sharp fingernails.
Your flesh is cold resistant. (rC+)
You are immune to negative energy. (rN+++)
You do not regenerate when monsters are visible.
You are immune to unholy pain and torment.


Message History

You are too injured to fight recklessly!
You are too injured to fight recklessly!
You are too injured to fight recklessly!
Unknown command.
The ball python's grasp on you weakens, but your attempt to escape fails.
The bat barely misses you. The bat hits you.
The ball python closely misses you. The ball python constricts you.
The endoplasm freezes you.
You are frozen.
You resist. The ball python barely misses you.
You escape the ball python's grasp.
The bat completely misses you. The bat closely misses you.
You see here a silvery potion.
The bat completely misses you. The ball python misses you.
The ball python barely misses you.
A rat comes into view.
The bat barely misses you. The bat completely misses you.
A ball python comes into view.
The ball python hisses angrily.
The ball python barely misses you. The ball python grabs you.
The ball python constricts you.
You barely miss the rat. The rat bites you.
* * * LOW HITPOINT WARNING * * *
The ball python barely misses you. The ball python constricts you.
You barely miss the rat. The ball python closely misses you.
The ball python constricts you. The rat bites you.
* * * LOW HITPOINT WARNING * * *
You scratch the rat.
You kill the rat!
The ball python bites you.
* * * LOW HITPOINT WARNING * * *
The ball python constricts you.
* * * LOW HITPOINT WARNING * * *
You escape the ball python's grasp.
Found 12 stones.
The ball python barely misses you. The ball python grabs you.
The ball python constricts you.
You see here a rat corpse.
You scratch the ball python but do no damage.
The ball python bites you.
You die...

#......## #..###..#.#....
.......##!#####.####.#.#....
?#........."..#..###........
#.###.##.#..........###..##
... ....b..J................
## #.#.####r#.##.#.##.##..#.
# #. #S#..#.#.##.# .+
#S##.#.#.##.. # #@#
.......... #S# .###.###.##
#.# ... .. #.. ..# #. #..
#..( .... .####


You could see an endoplasm, 3 ball pythons and a rat.

Vanquished Creatures
  2 endoplasms (D:1)
  A hobgoblin (D:1)
  A ball python (D:1)
  A bat (D:1)
  A frilled lizard (D:1)
  2 rats (D:1)
8 creatures vanquished.

Notes
Turn   | Place    | Note
-------+----------+-------------------------------------------
     0 | D:1      | HallandMoats the Ghoul Monk began the quest for the Orb.
     0 | D:1      | Reached XP level 1. HP: 19/19 MP: 0/0
   292 | D:1      | Reached XP level 2. HP: 26/26 MP: 1/1
   310 | D:1      | HP: 1/26 [constriction (1)]
   312 | D:1      | Slain by a ball python

Illustrated notes

Levels and vault maps discovered:
D:1:      dpeg_arrival_rhombi, layout_basic,
          ebering_ecumenical_altar_sacrificial

Action                   || total
-------------------------++-------
Melee: Unarmed           ||    23
       Punch             ||     1
Armor: Robe              ||     6
Dodge: Dodged            ||    24

Table legend: (Time is in decaauts)
 A = Elapsed time spent in this place.
 B = Non-inter-level travel time spent in this place.
 C = Inter-level travel time spent in this place.
 D = Time resting spent in this place.
 E = Time spent auto-exploring this place.
 F = Levels seen in this place.
 G = Mean time per level.
                   A        B        C        D        E       F      G
               +--------+--------+--------+--------+--------+-----+--------+
         Total |    311 |    311 |      0 |      0 |    251 |   1 |  311.0 |
       Dungeon |    311 |    311 |      0 |      0 |    251 |   1 |  311.0 |
               +--------+--------+--------+--------+--------+-----+--------+

Top non-repeatable levels by time:
     D:1: 311 daAuts
